 Dungeon Crawl Stone Soup version 0.31-a0-180-g519b7de00c (webtiles) character file.

Game seed: 7015428229789074023

2 ragingrage the Slasher (level 1, -8/18 HPs)
             Began as a Barachi Chaos Knight on June 19, 2023.
             Was a Plaything of Xom.
             Mangled by a guardian serpent (shapeshifter) (9 damage)
             ... on level 1 of the Dungeon.
             The game lasted 00:00:08 (73 turns).

ragingrage the Slasher (Barachi Chaos Knight)         Turns: 73, Time: 00:00:08

Health: -8/18      AC:  5    Str: 13    XL:     1   Next: 30%
Magic:  1/1        EV: 11    Int: 12    God:    Xom [..*...]
Gold:   0          SH:  0    Dex: 11    Spells: 0/0 levels left

rFire   . . .        a - +0 falchion (chaos)
rCold   . . .        (no shield)
rNeg    . . .        b - +2 leather armour
rPois   .            (no helmet)
rElec   .            (no cloak)
rCorr   .            (no gloves)
SInv    .            (no boots)
Will    .....        (no amulet)
Stlth   +            (no ring)
HPRegen 0.23/turn    (no ring)
MPRegen 0.07/turn

%: no passive effects
@: slow
A: amphibious, slowness 1, strong legs 1, +LOS
a: Hop, Renounce Religion


You were on level 1 of the Dungeon.
You worshipped Xom.
You were a toy of Xom.
You visited 1 branch of the dungeon, and saw 1 of its levels.

Inventory:

Hand Weapons
 a - a +0 falchion of chaos (weapon)
Armour
 b - a +2 leather armour (worn)
Scrolls
 d - a scroll of teleportation {unknown}
Miscellaneous
 c - a piece from Xom's chessboard (15/15) (quivered)


   Skills:
 - Level 3.6 Fighting
 + Level 3.8 Long Blades
 - Level 2.4 Armour
 - Level 1.1 Dodging


You couldn't memorise any spells.
You didn't know any spells.
Your spell library was empty.

Dungeon Overview and Level Annotations

Branches:
Dungeon (1/15)

Altars:


Innate Abilities, Weirdness & Mutations

You are amphibious.
You cover ground slowly.
You can hop short distances.
You have an extended range of vision and can be seen from far away.


Message History

You are frozen.
You slash the endoplasm!
You kill the endoplasm!
No target in view!
No target in view!
No target in view!
No target in view!
No target in view!
No target in view!
No target in view!
No target in view!
No target in view!
No target in view!
No target in view!
No target in view!
An endoplasm comes into view.
The endoplasm quivers.
An endoplasm is nearby!
An endoplasm is nearby!
Found a stone staircase leading down.
No target in view!
No target in view!
No target in view!
No target in view!
You see here a scroll labelled AMNOVIS WORUO.
You hit the endoplasm but do no damage. The endoplasm barely misses you.
You hit the endoplasm.
The endoplasm changes into a shapeshifter!
Xom thinks this is hilarious!
The shapeshifter changes into a guardian serpent!
You closely miss the guardian serpent. The guardian serpent hits you!
Ouch! That really hurt!
A shower of butterflies erupts from you!
You barely miss the guardian serpent. The guardian serpent hits you!
* * * LOW HITPOINT WARNING * * *
Xom roars with laughter!
The guardian serpent hits you!
Ouch! That really hurt!
You die...
Xom bursts into laughter!

.# .# .##### .....#
.....# ####### .....#
#.....#
.)...#######..b..####.###
...............b.......>.
.######.##....bb@#. .#
#.#........Sb# .#
##.#.....#.##.# .##
......#.#.#...... ..#
........#.#..#..#!#
..##........#.#..# .# #
.....##.....#.#..# ..
.†...##........... ..
.....##........... .


You could see a guardian serpent shaped shifter (ally target).

Vanquished Creatures
  An endoplasm (D:1)
  A rat (D:1)
2 creatures vanquished.

Notes
Turn   | Place    | Note
-------+----------+-------------------------------------------
     0 | D:1      | ragingrage the Barachi Chaos Knight began the quest for the
                  | Orb.
     0 | D:1      | Reached XP level 1. HP: 18/18 MP: 1/1
    71 | D:1      | an endoplasm changed into a shapeshifter
    71 | D:1      | Noticed a shapeshifter (shapeshifter)
    71 | D:1      | a shapeshifter changed into a guardian serpent
    71 | D:1      | Noticed a guardian serpent (shapeshifter)
    72 | D:1      | XOM: butterfly on damage
    73 | D:1      | Mangled by a guardian serpent (shapeshifter)

Illustrated notes

Levels and vault maps discovered:
D:1:      noname_arrival_rooms_in_the_neighbourhood, layout_basic,
          shapermc_ecumenical_altar_venn, minmay_pentomino_u2

Action                     || total
---------------------------++-------
  Melee: Falchion          ||     7
 Armour: Leather armour    ||     1
  Dodge: Dodged            ||     1

Table legend: (Time is in decaauts)
 A = Elapsed time spent in this place.
 B = Non-inter-level travel time spent in this place.
 C = Inter-level travel time spent in this place.
 D = Time resting spent in this place.
 E = Time spent auto-exploring this place.
 F = Levels seen in this place.
 G = Mean time per level.
                   A        B        C        D        E       F      G
               +--------+--------+--------+--------+--------+-----+--------+
         Total |     84 |     84 |      0 |      0 |     65 |   1 |   84.0 |
       Dungeon |     84 |     84 |      0 |      0 |     65 |   1 |   84.0 |
               +--------+--------+--------+--------+--------+-----+--------+

Top non-repeatable levels by time:
     D:1: 84 daAuts
